 Dungeon Sprint DCSS version 0.23.2-1-ga50397a6bc (webtiles) character file.

Game seed: 4975523652085378184

4407 Kobolds4U the Warrior (level 10, -3/108 HPs)
             Began as a Minotaur Berserker on May 20, 2019.
             Was a High Priest of Trog.
             Slain by a 13-headed hydra (11 damage)
             ... in the Dungeon (Sprint I: "Red Sonja").
             The game lasted 00:09:08 (1205 turns).

Kobolds4U the Warrior (Minotaur Berserker)          Turns: 1205, Time: 00:09:09

Health: -3/108     AC:  5    Str: 22    XL:     10   Next: 14%
Magic:  3/3        EV: 20    Int:  4    God:    Trog [*****.]
Gold:   450        SH:  0    Dex: 13    Spells: 9/9 levels left

rFire    . . .     SeeInvis .   q - +1 battleaxe (antimagic)
rCold    . . .     Gourm    .   (shield currently unavailable)
rNeg     . . .     Faith    .   p - +0 ring mail
rPois    .         Spirit   .   (helmet restricted)
rElec    .         Reflect  .   (no cloak)
rCorr    .         Harm     .   (no gloves)
MR       ++...     NoTele   +   (no boots)
Stlth    +.........             (no amulet)
HPRegen  1.28/turn              (no ring)
MPRegen  0.08/turn              (no ring)

@: regenerating
A: retaliatory headbutt, horns 2
a: Berserk, Trog's Hand, Brothers in Arms, Renounce Religion


You were in the Dungeon.
You worshipped Trog.
Trog was extremely pleased with you.
You were hungry.

You visited 1 branch You collected 540 gold pieces.
You spent 90 gold pieces at shops.

Inventory:

Hand Weapons
 a - a +0 hand axe
 q - a +1 antimagic battleaxe (weapon)
Missiles
 o - 2 needles of frenzy
Armour
 b - a +0 animal skin
 l - a +0 scale mail
 m - a +2 robe of fire resistance
 n - a +0 leather armour
 p - a +0 ring mail (worn)
Wands
 j - a wand of polymorph (7)
Scrolls
 i - 2 scrolls of blinking
Potions
 d - a potion of curing
 e - a potion of heal wounds
 f - a potion of haste
 g - 3 potions of magic
 h - a potion of berserk rage
 k - a potion of might {unknown}
Comestibles
 c - a ration


   Skills:
 + Level 16.4 Fighting
 * Level 15.3 Axes
 + Level 0.0 Throwing
 - Level 2.4 Armour
 - Level 14.9 Dodging


You had 9 spell levels left.
You didn't know any spells.
Your spell library was empty.

Dungeon Overview and Level Annotations

Branches:
Dungeon (1/1)

Altars:
Cheibriados
Dithmenos
Elyvilon
Fedhas
Gozag
Hepliaklqana
Kikubaaqudgha
Makhleb
Nemelex Xobeh
Okawaru
Qazlal
Ru
Sif Muna
Trog
Uskayaw
Vehumet
Wu Jian
Xom
Yredelemnul
Zin
The Shining One
Jiyva
Lugonu

Shops:
D ?


Innate Abilities, Weirdness & Mutations

You reflexively headbutt those who attack you in melee.
You have a pair of horns on your head.


Message History

Your ogre's corpse disappears in a puff of smoke!
The 12-headed hydra closely misses you.
The 12-headed hydra completely misses you.
The 12-headed hydra bites you!
* * * LOW HITPOINT WARNING * * *
The 12-headed hydra bites you.
* * * LOW HITPOINT WARNING * * *
The 12-headed hydra bites you.
* * * LOW HITPOINT WARNING * * *
The 12-headed hydra bites you.
* * * LOW HITPOINT WARNING * * *
The 12-headed hydra bites you but does no damage.
The 12-headed hydra barely misses you.
You lop one of the 12-headed hydra's heads off!
The 11-headed hydra grows two more!
You slash the 13-headed hydra! You headbutt the 13-headed hydra.
The 13-headed hydra is severely wounded.
The 13-headed hydra misses you. You furiously retaliate!
You headbutt the 13-headed hydra. The 13-headed hydra bites you!
You die...

#############################
#__#..')..#..#§§@D§§.§§..'.$#
'..'..#...##§#§####§O§§.##$G+
#__####...†§.#§# ##§..## ##
#### #####§§'.# ###+# #
#+#### + # # #


You could see a 13-headed hydra.

Vanquished Creatures
  A lindwurm (D)
  2 kobold demonologists (D)
  3 demonic crawlers (D)
  A slime creature (D)
  Sigmund (D)
  13 hogs (D)
  A yak (D)
  A floating eye (D)
  An ogre (D)
  A jelly (D)
  Ijyb (D)
26 creatures vanquished.

Vanquished Creatures (collateral kills)
  A demonic crawler (D)
1 creature vanquished.

Vanquished Creatures (others)
  A gargoyle (D)
1 creature vanquished.

Grand Total: 28 creatures vanquished

Notes
Turn   | Place    | Note
-------+----------+-------------------------------------------
     0 | D        | Kobolds4U the Minotaur Berserker began the quest for the
                  | Orb.
     0 | D        | Reached XP level 1. HP: 19/19 MP: 0/0
     1 | D        | Noticed Ijyb
     6 | D        | Killed Ijyb
     6 | D        | Reached skill level 5 in Fighting
     6 | D        | Reached XP level 2. HP: 29/29 MP: 1/1
    59 | D        | Noticed an ogre
    63 | D        | Killed an ogre
    63 | D        | Reached skill level 6 in Fighting
    63 | D        | Reached skill level 5 in Dodging
    63 | D        | Reached XP level 3. HP: 38/38 MP: 2/2
    63 | D        | Reached XP level 4. HP: 45/45 MP: 3/3
    73 | D        | Noticed Sigmund
    79 | D        | Killed Sigmund
    79 | D        | Reached ** piety under Trog
    79 | D        | Reached skill level 8 in Fighting
    79 | D        | Reached skill level 10 in Axes
    79 | D        | Reached XP level 5. HP: 53/53 MP: 4/4
   100 | D        | Found a burning altar of Makhleb.
   100 | D        | Found a shimmering altar of Xom.
   100 | D        | Noticed a slime creature
   101 | D        | Found a viscous altar of Jiyva.
   101 | D        | Found a corrupted altar of Lugonu.
   112 | D        | Killed a slime creature
   112 | D        | Reached skill level 9 in Fighting
   112 | D        | Reached XP level 6. HP: 20/63 MP: 5/5
   327 | D        | Found a deep blue altar of Sif Muna.
   328 | D        | Found an ornate altar of the Wu Jian Council.
   329 | D        | Found a radiant altar of Vehumet.
   379 | D        | Found Seacrimu's Magic Scroll Emporium.
   379 | D        | Found an ancient bone altar of Kikubaaqudgha.
   379 | D        | Found a hazy altar of Hepliaklqana.
   379 | D        | Found a stormy altar of Qazlal.
   379 | D        | Found a hide-covered altar of Uskayaw.
   379 | D        | Found a blossoming altar of Fedhas.
   379 | D        | Found a bloodstained altar of Trog.
   379 | D        | Found an iron altar of Okawaru.
   379 | D        | Found a basalt altar of Yredelemnul.
   379 | D        | Found a glowing golden altar of the Shining One.
   379 | D        | Found a snail-covered altar of Cheibriados.
   379 | D        | Found a sacrificial altar of Ru.
   379 | D        | Found a glowing silver altar of Zin.
   379 | D        | Found a shadowy altar of Dithmenos.
   379 | D        | Found a white marble altar of Elyvilon.
   379 | D        | Noticed a yak
   380 | D        | Found an opulent altar of Gozag.
   384 | D        | Killed a yak
   384 | D        | Reached *** piety under Trog
   384 | D        | Reached skill level 10 in Fighting
   384 | D        | Reached XP level 7. HP: 67/72 MP: 6/6
   385 | D        | Found a sparkling altar of Nemelex Xobeh.
   391 | D        | Bought a scroll of blinking for 90 gold pieces
   426 | D        | Noticed a kobold demonologist
   426 | D        | Noticed a kobold demonologist
   429 | D        | Noticed a ynoxinul
   430 | D        | Paralysed by a floating eye for 4 turns
   458 | D        | Killed a kobold demonologist
   466 | D        | Noticed a sixfirhy
   466 | D        | Killed a kobold demonologist
   466 | D        | Reached **** piety under Trog
   466 | D        | Reached skill level 11 in Fighting
   466 | D        | Reached skill level 10 in Dodging
   466 | D        | Reached XP level 8. HP: 60/82 MP: 7/7
   559 | D        | Noticed a demonic crawler
   559 | D        | Noticed a demonic crawler
   559 | D        | Noticed a demonic crawler
   559 | D        | Noticed a demonic crawler
   562 | D        | Killed a demonic crawler
   568 | D        | Killed a demonic crawler
   568 | D        | Reached skill level 12 in Fighting
   573 | D        | Killed a demonic crawler
   573 | D        | Reached skill level 13 in Fighting
   580 | D        | Killed a demonic crawler
   580 | D        | Reached XP level 9. HP: 93/93 MP: 8/8
   628 | D        | Noticed a lindwurm
   639 | D        | Killed a lindwurm
   639 | D        | Reached skill level 14 in Fighting
   784 | D        | Reached ***** piety under Trog
   793 | D        | Received a gift from Trog
   793 | D        | Reached skill level 15 in Fighting
   809 | D        | Killed a gargoyle
   811 | D        | Received a gift from Trog
   828 | D        | Reached skill level 16 in Fighting
   828 | D        | Reached XP level 10. HP: 29/107 MP: 3/9
   838 | D        | Reached skill level 15 in Axes
  1193 | D        | Noticed a 12-headed hydra
  1205 | D        | Slain by a 13-headed hydra

Skill      XL: |  1  2  3  4  5  6  7  8  9 10 |
---------------+-------------------------------+-----
Fighting       | 5 6 8 9 10 11 13 16 | 16.4
Axes           | 6 8 10 12 13 14 15 | 15.3
Dodging        | 3 5 7 8 10 12 14 | 14.9
Armour         | |  2.4

Action                   |  1- 3 |  4- 6 |  7- 9 | 10-12 || total
-------------------------+-------+-------+-------+-------++-------
Melee: Unarmed           |     2 |       |       |       ||     2
       Hand axe          |     3 |    24 |    97 |       ||   124
       Headbutt          |     2 |    10 |    30 |     3 ||    45
       Battleaxe         |       |       |    13 |    14 ||    27
Invok: Berserk           |     1 |       |     1 |       ||     2
       Trog's Hand       |       |       |     1 |     1 ||     2
       Brothers in Arms  |       |       |     1 |     1 ||     2
 Stab: Confused          |     1 |       |       |       ||     1
       Sleeping          |       |     1 |       |       ||     1
  Eat: Chunk             |       |       |     1 |     2 ||     3
Armor: Robe              |       |     1 |    17 |       ||    18
       Ring mail         |       |       |     4 |     3 ||     7
Dodge: Dodged            |     2 |     8 |    70 |    25 ||   105
